Map: Dash and Terminal LE (Void)

Players

IIIFerIII

  • Race: Protoss Protoss

SticklerMac - Winner!

  • Race: Zerg Zerg
  • League: Grandmaster

VOD

Have the link to the VOD?

Description

Time

  • Played on: Aug. 4, 2015, 10:01 p.m.
  • Length: 14:46
Show
View Real Time Build Order
Export as new Build Order

IIIFerIII Protoss 

Build Orders: Nexus First 

Get SALT Encoding   

  12  0:01  Probe  
  13  0:15  Pylon  
  13  0:20  Probe  
  14  0:55  Nexus  
  14  1:09  Forge  
  14  1:12  Probe (Chrono Boost)  
  15  1:23  Probe (Chrono Boost)  
  16  1:31  Probe (Chrono Boost)  
  17  1:34  Gateway  
  17  1:43  Probe (Chrono Boost)  
  18  1:51  Probe (Chrono Boost)  
  19  1:55  Photon Cannon  
  19  2:00  Pylon  
  19  2:09  Assimilator  
  19  2:11  Assimilator  
  19  2:20  Probe  
  20  2:35  Pylon  
  20  2:36  Zealot  
  22  2:39  Probe (Chrono Boost)  
  22  2:40  Probe (Chrono Boost)  
  24  2:46  Cybernetics Core  
  25  2:52  Probe (Chrono Boost)  
  25  2:53  Probe (Chrono Boost)  
  25  2:58  Probe (Chrono Boost)  
  27  3:02  Probe  
  28  3:09  Probe (Chrono Boost)  
  28  3:11  Pylon  
  29  3:17  Probe (Chrono Boost)  
  30  3:26  Probe (Chrono Boost)  
  32  3:27  Probe (Chrono Boost)  
  32  3:30  Stargate, Warp Gate (Chrono Boost)  
  32  3:32  Probe (Chrono Boost)  
  32  3:33  Probe (Chrono Boost)  
  34  3:44  Probe (Chrono Boost)  
  34  3:45  Probe (Chrono Boost)  
  36  3:51  Probe (Chrono Boost)  
  36  3:52  Probe (Chrono Boost)  
  36  3:54  Assimilator  
  38  4:02  Probe x2 (Chrono Boost), Protoss Ground Weapons Level 1  
  40  4:09  Probe (Chrono Boost)  
  42  4:10  Probe (Chrono Boost)  
  42  4:15  Oracle (Chrono Boost)  
  42  4:16  Pylon  
  45  4:20  Probe (Chrono Boost)  
  45  4:23  Probe (Chrono Boost)  
  47  4:26  Assimilator  
  47  4:30  Probe (Chrono Boost)  
  49  4:33  Probe (Chrono Boost), Pylon  
  49  4:37  Sentry, Probe (Chrono Boost)  
  49  4:38  Photon Cannon  
  52  4:44  Probe (Chrono Boost)  
  53  4:55  Mothership Core (Chrono Boost), Probe (Chrono Boost)  
  56  5:00  Pylon  
  56  5:01  Probe (Chrono Boost)  
  57  5:09  Probe  
  58  5:16  Probe  
  58  5:18  Void Ray  
  58  5:21  Probe  
  62  5:28  Probe  
  62  5:29  Gateway  
  62  5:31  Gateway  
  62  5:33  Gateway, Probe  
  62  5:34  Twilight Council, Pylon  
  63  5:40  Robotics Facility  
  63  5:41  Probe  
  64  5:43  Sentry  
  64  5:45  Probe  
  67  5:52  Protoss Ground Armor Level 1 (Chrono Boost)  
  67  5:57  Probe x2 (Chrono Boost)  
  69  6:07  Pylon  
  69  6:09  Probe (Chrono Boost)  
  70  6:28  Warp Prism (Chrono Boost)  
  72  6:33  Zealot x3  
  72  6:34  Zealot  
  72  6:39  Nexus  
  80  6:44  Pylon  
  80  6:48  Assimilator  
  80  6:49  Charge (Chrono Boost)  
  80  6:53  Assimilator  
  80  6:58  Observer  
  80  7:00  Zealot, Pylon  
  83  7:01  Zealot x2  
  83  7:02  Zealot  
  89  7:10  Probe x2  
  91  7:22  Gateway, Probe x2  
  93  7:23  Gateway  
  93  7:25  Gateway  
  93  7:28  Gateway  
  93  7:29  Pylon  
  93  7:32  Photon Cannon  
  93  7:33  Observer (Chrono Boost)  
  92  7:39  Protoss Ground Weapons Level 2 (Chrono Boost)  
  92  7:52  Probe (Chrono Boost)  
  92  7:56  Probe (Chrono Boost)  
  92  7:58  Photon Cannon  
  88  7:59  Immortal (Chrono Boost)  
  90  8:13  Robotics Bay  
  90  8:16  Dark Shrine  
  90  8:23  Sentry x3  
  90  8:26  Zealot x2  
  100  8:27  Zealot x3  
  100  8:28  Probe  
  100  8:30  Warp Prism (Chrono Boost)  
  100  8:31  Pylon  
  109  8:44  Pylon, Blink (Chrono Boost)  
  109  8:54  Photon Cannon  
  109  8:57  Photon Cannon  
  109  9:00  Photon Cannon  
  112  9:05  Zealot x3  
  112  9:06  Zealot  
  112  9:07  Disruptor (Chrono Boost)  
  120  9:17  Probe  
  121  9:28  Pylon  
  121  9:31  Pylon  
  124  9:40  Dark Templar, Photon Cannon  
  124  9:41  Dark Templar x2, Zealot x3  
  124  9:42  Disruptor (Chrono Boost), Zealot  
  124  9:45  Zealot  
  118  9:56  Photon Cannon  
  118  9:57  Photon Cannon  
  118  9:59  Photon Cannon  
  114  10:02  Dark Templar x4, Photon Cannon  
  114  10:03  Pylon  
  122  10:09  Archon x2  
  122  10:10  Dark Templar  
  124  10:16  Warp Prism (Chrono Boost)  
  124  10:18  Dark Templar  
  124  10:20  Dark Templar  
  124  10:21  Dark Templar  
  132  10:22  Archon  
  132  10:25  Archon  
  132  10:26  Protoss Ground Weapons Level 3 (Chrono Boost)  
  132  10:39  Photon Cannon  
  132  10:51  Disruptor x2  
  132  10:58  Dark Templar  
  132  10:59  Dark Templar x2  
  132  11:00  Dark Templar  
  132  11:01  Dark Templar x3  
  132  11:18  Zealot  
  121  11:35  Stalker x2  
  121  11:36  Stalker x4  
  121  11:37  Stalker  
  107  11:57  Stalker  
  107  11:59  Archon  
  107  12:00  Archon  
  109  12:01  Stalker  
  109  12:02  Stalker x2  
  109  12:05  Zealot  
  109  12:06  Zealot  
  100  12:41  Dark Templar x4  
  100  12:44  Sentry  
  110  12:45  Archon  
  110  12:46  Archon  
  101  13:18  Dark Templar  
  103  13:26  Nexus  
  103  13:30  Dark Templar  
  103  13:31  Sentry  
  103  13:33  Disruptor  
  107  13:37  Archon  
  107  13:39  Dark Templar  
  107  13:40  Disruptor  
  109  13:42  Observer (Chrono Boost)  
  110  13:53  Dark Templar x2  
  114  13:56  Sentry  
  68  14:29  Dark Templar x3  
  68  14:31  Stalker  
  68  14:34  Zealot x2  
  68  14:36  Archon  
  73  14:41  Photon Cannon  
Show
View Real Time Build Order
Export as new Build Order

SticklerMac Zerg - Winner!

Build Orders: Hatch First 

Get SALT Encoding   

  12  0:00  Drone  
  13  0:09  Drone  
  14  0:17  Overlord  
  14  0:35  Drone x3  
  17  0:50  Drone  
  18  0:58  Hatchery  
  17  1:05  Drone  
  18  1:13  Drone  
  19  1:21  Spawning Pool  
  19  1:24  Drone  
  19  1:31  Drone  
  20  1:43  Drone, Extractor  
  20  1:52  Drone  
  21  2:02  Overlord  
  21  2:09  Queen x2  
  21  2:14  Zergling x4  
  27  2:25  Drone x2  
  27  2:27  Extractor  
  28  2:38  Drone x2  
  28  2:44  Drone  
  31  2:55  Metabolic Boost  
  31  2:56  Drone  
  31  2:57  Drone x2  
  34  3:10  Overlord  
  33  3:19  Hatchery  
  32  3:28  Drone x2  
  32  3:30  Drone x2  
  32  3:31  Drone  
  37  3:40  Pneumatized Carapace  
  36  4:00  Drone  
  36  4:01  Drone x7  
  44  4:12  Lair  
  44  4:14  Overlord  
  44  4:15  Overlord x3  
  44  4:34  Zergling x8  
  44  4:35  Zergling x14  
  55  4:39  Drone x2, Extractor  
  55  4:40  Extractor  
  55  4:42  Drone  
  55  4:43  Drone  
  55  4:45  Drone  
  58  4:49  Drone  
  59  4:53  Drone  
  59  4:55  Drone  
  59  4:58  Drone x4  
  62  5:11  Drone x6  
  66  5:18  Queen  
  66  5:19  Queen  
  70  5:44  Spore Crawler  
  70  5:45  Spore Crawler  
  70  5:49  Spore Crawler  
  67  5:51  Spore Crawler  
  67  5:52  Spore Crawler  
  67  5:55  Spore Crawler  
  64  6:20  Spire  
  63  6:25  Spore Crawler  
  63  6:28  Spore Crawler  
  63  6:31  Spore Crawler x2  
  59  6:32  Spore Crawler  
  59  6:33  Drone x4  
  59  6:34  Drone x4  
  59  6:35  Drone x4  
  70  6:49  Queen  
  70  6:50  Queen  
  74  7:08  Extractor  
  74  7:09  Extractor, Queen  
  67  7:44  Mutalisk x4  
  67  7:45  Queen  
  67  7:46  Overlord x5  
  67  7:47  Overlord x2  
  65  8:03  Queen  
  67  8:14  Mutalisk x10  
  67  8:15  Mutalisk x6  
  100  8:20  Drone x4  
  100  8:21  Queen  
  105  8:31  Drone  
  105  8:32  Drone x3  
  109  8:36  Drone x5  
  109  8:39  Drone x2  
  116  8:51  Mutalisk  
  116  8:52  Mutalisk x2  
  122  9:06  Mutalisk x2  
  126  9:22  Mutalisk  
  126  9:23  Mutalisk  
  130  9:26  Overlord x4  
  130  9:27  Overlord x5  
  128  9:48  Mutalisk x4  
  128  9:49  Mutalisk  
  127  9:54  Drone x3  
  127  9:58  Hatchery  
  129  10:02  Overseer  
  129  10:04  Mutalisk  
  129  10:05  Overseer x2  
  131  10:19  Mutalisk  
  131  10:20  Mutalisk  
  135  10:27  Mutalisk x2  
  139  10:46  Mutalisk x3  
  141  11:06  Mutalisk  
  141  11:07  Mutalisk x2  
  143  11:16  Mutalisk  
  143  11:17  Mutalisk  
  139  11:52  Mutalisk x5  
  145  11:56  Mutalisk  
  136  12:22  Queen  
  136  12:32  Mutalisk x4  
  136  12:35  Zergling x2  
  136  12:36  Zergling x14  
  151  12:47  Queen  
  151  12:50  Queen  
  155  12:53  Mutalisk x2  
  155  12:55  Zergling x2  
  155  12:56  Zergling x18  
  163  13:11  Mutalisk x2  
  157  13:13  Zergling x8  
  158  13:21  Mutalisk  
  158  13:23  Zergling x2  
  158  13:24  Zergling x10  
  163  13:38  Mutalisk  
  163  13:39  Mutalisk  
  163  13:40  Zergling x14  
  174  13:45  Mutalisk  
  174  13:47  Zergling x4  
  178  13:53  Mutalisk  
  180  14:01  Zergling x10  
  160  14:20  Mutalisk x2  
  160  14:21  Mutalisk  
  160  14:23  Zergling x18  
Tags
 
Add a new tag
Caveats
  • Supply blocks, unpowered buildings, or Contaminate may cause inaccurate times.
  • Supply counts are checked every 10 seconds.